 Dungeon Crawl Stone Soup version 0.19.1 (console) character file.

109 Wahenhill the Chopper (level 4, -1/24 HPs)
             Began as a Vine Stalker Berserker on Dec 19, 2016.
             Was a Believer of Trog.
             Slain by an iguana (5 damage)
             ... on level 4 of the Dungeon.
             The game lasted 00:52:54 (2421 turns).

Wahenhill the Chopper (Vine Stalker Berserker)      Turns: 2421, Time: 00:52:55

Health: -1/24      AC: 13    Str: 20    XL:     4   Next: 90%
Magic:  0/5        EV:  8    Int:  7    God:    Trog [**....]
Gold:   113        SH:  0    Dex: 14    Spells: 0 memorised, 3 levels left

rFire  . . .     SeeInvis .     h - +0 spear
rCold  . . .     Gourm    .     E - +0 chain mail
rNeg   . . .     Faith    .     (no shield)
rPois  .         Spirit   +     (no helmet)
rElec  .         Reflect  .     i - +2 cloak {test}
rCorr  .         Harm     .     A - +1 pair of gloves
MR     ++...                    (no boots)
Stlth  ..........               (no amulet)
                                (no ring)
                                (no ring)

@: lethally poisoned (-1 -> -1), regenerating
A: fangs 2, regeneration 1, magic shield, antimagic bite, no device heal 3, rot
immunity
a: Berserk, Trog's Hand, Burn Spellbooks, Renounce Religion


You were on level 4 of the Dungeon.
You worshipped Trog.
Trog was pleased with you.
You were very hungry.

You visited 1 branch of the dungeon, and saw 4 of its levels.

You collected 113 gold pieces.

Inventory:

Hand Weapons
 a - a +0 hand axe
 h - a +0 spear (weapon)
 k - a +2 flail of crushing
 F - a +0 spear
Missiles
 d - 6 poisoned javelins
 f - 62 sling bullets
 t - 50 stones (quivered)
 u - 2 tomahawks
Armour
 b - a +0 animal skin
 i - a +2 cloak (worn) {test}
 y - a +0 scale mail
 A - a +1 pair of gloves (worn)
 D - a +0 leather armour
 E - a +0 chain mail (worn)
Jewellery
 m - an uncursed ring of wizardry
Scrolls
 e - 4 scrolls of teleportation
 j - a scroll of blinking
 o - 4 scrolls of identify
Potions
 g - a potion of degeneration {unknown}
Comestibles
 c - a bread ration


   Skills:
 + Level 3.1 Fighting
 - Level 3.6(3.7) Axes
 + Level 0.8(2.4) Polearms
 + Level 1.6 Throwing
 + Level 2.0 Armour
 + Level 1.7 Dodging


You had 3 spell levels left.
You didn't know any spells.

Dungeon Overview and Level Annotations

Branches:
Dungeon (4/15)
 Temple: D:4-7

Altars:
Cheibriados
Kikubaaqudgha


Innate Abilities, Weirdness & Mutations

You have extremely sharp teeth.
Your natural rate of healing is unusually fast.
When hurt, damage is shared between your health and your magic reserves.
Your bite disrupts and absorbs the magic of your enemies.
Potions and wands cannot restore your health.
You are immune to rotting.


Message History

You hit the iguana but do no damage.
You feel sick. The orc hits you but does no damage.
The iguana closely misses you.
The worker ant bites you but does no damage.
The quokka closely misses you. The howler monkey barely misses you.
You hit the orc but do no damage. Your bite misses the orc.
You feel less confused. The worker ant bites you.
* * * LOW HITPOINT WARNING * * *
You are lethally poisoned!
The worker ant poisons you! The quokka bites you.
* * * LOW HITPOINT WARNING * * *
The iguana bites you. The orc hits you but does no damage.
The howler monkey hoots and howls with incredible vigour!
The worker ant bites you but does no damage.
Your skin crawls.
You feel resistant to hostile enchantments.
You feel somewhat more hungry.
You feel sick.
The quokka bites you but does no damage.
The iguana bites you.
You die...

......(##
.....[..## .
.....?...## ..
..........## ...
.(.........#....
......o.........
......oao.......
.....o.@l.......
......hr........
................
....(...........
................
..........O.....
................
................


You could see an ogre, a howler monkey, an iguana, a worker ant, 4 orcs and a
quokka.

Vanquished Creatures
  6 adders
  A worm (D:3)
  3 leopard geckos
  2 orcs (D:3)
  A bat (D:2)
  3 giant cockroaches
  4 goblins
  11 hobgoblins
  6 kobolds
  A quokka (D:3)
  2 frilled lizards (D:1)
  7 rats
47 creatures vanquished.

Notes
Turn   | Place    | Note
-------+----------+-------------------------------------------
     0 | D:1      | Wahenhill the Vine Stalker Berserker began the quest for the Orb.
     0 | D:1      | Reached XP level 1. HP: 11/11 MP: 2/2
     6 | D:1      | Noticed a wolf
     6 | D:1      | Noticed a lindwurm
     7 | D:1      | Noticed an anaconda
     7 | D:1      | Noticed an eight-headed hydra
   144 | D:1      | Reached XP level 2. HP: 12/16 MP: 3/3
   649 | D:2      | Reached XP level 3. HP: 19/20 MP: 4/4
   906 | D:2      | Reached skill level 1 in Throwing
  1320 | D:3      | Gained mutation: Your natural rate of healing is unusually fast. [Vine Stalker growth]
  1320 | D:3      | Reached XP level 4. HP: 18/24 MP: 5/5
  1322 | D:3      | Reached ** piety under Trog
  1508 | D:3      | Found a snail-covered altar of Cheibriados.
  2251 | D:3      | Found an ancient bone altar of Kikubaaqudgha.
  2419 | D:4      | Noticed an ogre
  2421 | D:4      | Slain by an iguana

Skill      XL: |  1  2  3  4 |
---------------+-------------+-----
Axes           | 3 |  3.6
Fighting       | 3 |  3.1
Throwing       | 1 |  1.6
Armour         | 2 |  2.0
Polearms       | |  0.8
Dodging        | |  1.7

Action                   |  1- 3 |  4- 6 || total
-------------------------+-------+-------++-------
Melee: Hand axe          |    41 |       ||    41
       Bite              |    13 |    21 ||    34
       Spear             |    36 |    76 ||   112
Throw: Javelin           |    12 |     2 ||    14
       Stone             |    19 |     6 ||    25
Invok: Trog's Hand       |       |     1 ||     1
  Use: Scroll            |     6 |     1 ||     7
       Potion            |     2 |       ||     2
  Eat: Chunk             |     1 |     1 ||     2
       Fruit             |       |     2 ||     2
Armor: Animal skin       |     3 |       ||     3
       Chain mail        |    25 |    64 ||    89
Dodge: Dodged            |    32 |    44 ||    76
